 Dungeon Crawl Stone Soup version 0.30-a0-1008-g30c9307041 (webtiles) character file.

Game seed: 6877943522900127247

888 retardedninja the Chopper (level 8, -2/73 HPs)
             Began as a Naga Fighter on Apr 5, 2023.
             Slain by Maggie
             ... wielding a +2 war axe of flaming
              (4 damage)
             ... on level 6 of the Dungeon.
             The game lasted 00:06:23 (5947 turns).

retardedninja the Chopper (Naga Fighter)            Turns: 5947, Time: 00:06:24

Health: -2/73      AC:  8    Str: 27    XL:     8   Next: 6%
Magic:  8/8        EV:  6    Int:  9    God:
Gold:   285        SH:  5    Dex: 10    Spells: 7/7 levels left

rFire   . . .      SeeInvis +    a - +0 war axe
rCold   . . .      Faith    .    r - +1 buckler {reflect}
rNeg    . . .      Spirit   .    s - +0 chain mail
rPois   +          Reflect  +    (no helmet)
rElec   .          Rampage  .    (no cloak)
rCorr   .                        (no gloves)
Will    +....                    (no barding) Stlth
                                 (no amulet)
HPRegen 0.32/turn                u - +6 ring of strength
MPRegen 0.11/turn                (no ring)

@: very slow
A: AC +2, large, see invisible, deformed body, poison resistance, slowness 2,
spit poison 1, naga tail 1
a: Spit Poison


You were on level 6 of the Dungeon.
You visited 1 branch of the dungeon, and saw 6 of its levels.

You collected 285 gold pieces.

Inventory:

Hand Weapons
 a - a +0 war axe (weapon)
Armour
 r - a +1 buckler of reflection (worn)
 s - a +0 chain mail (worn)
Jewellery
 o - a +4 ring of slaying
 p - a ring of positive energy
 t - a ring of positive energy
 u - a +6 ring of strength (left hand)
Scrolls
 c - a scroll of vulnerability {unknown}
 d - a scroll of acquirement {unknown}
 e - 3 scrolls of teleportation
 g - a scroll of fear
 h - a scroll of brand weapon {unknown}
 k - a scroll of enchant weapon {unknown}
 q - a scroll of amnesia
 v - a scroll of enchant armour {unknown}
Potions
 b - 3 potions of attraction
 f - a potion of cancellation
 i - a potion of curing
 j - a potion of mutation {unknown}
 l - a potion of haste {unknown}
 m - 2 potions of brilliance {unknown}
 n - a potion of heal wounds
 w - a potion of flight {unknown}


   Skills:
 + Level 4.9 Fighting
 * Level 5.9 Axes
 + Level 4.1 Armour
 + Level 4.4 Shields


You had 7 spell levels left.
You didn't know any spells.
Your spell library contained the following spells:

 Spells                   Type           Power      Damage    Failure   Level
 Apportation              Tloc           0%         N/A       93%         1
 Magic Dart               Conj           0%         1d3       93%         1
 Searing Ray              Conj           0%         2d4       98%         2
 Fulminant Prism          Conj/Hex       0%         3d5       100%        4
 Alistair's Intoxication  Tmut/Pois      0%         N/A       100%        5


Dungeon Overview and Level Annotations

Branches:
Dungeon (6/15)
 Temple: D:4-7

Altars:
Ashenzari
Kikubaaqudgha
Nemelex Xobeh
Okawaru
Qazlal

Annotations:
D:6 Maggie


Innate Abilities, Weirdness & Mutations

Your serpentine skin is tough. (AC +2)
You have supernaturally acute eyesight. (SInv)
Armour fits poorly on your strangely shaped body.
Your system is resistant to poisons. (rPois)
You cover ground very slowly.
You can spit poison.
You have a snake-like lower body.


Message History

You completely miss Maggie.
Maggie is severely wounded.
Maggie barely misses you.
You hit Maggie.
Maggie is almost dead.
Maggie hits you with a +2 war axe of flaming!
* * * LOW HITPOINT WARNING * * *
Maggie burns you.
* * * LOW HITPOINT WARNING * * *
Maggie barely misses you.
You feel much better.
Maggie hits you with a +2 war axe of flaming!
Maggie burns you.
You closely miss Maggie.
Maggie is almost dead.
Maggie mumbles some strange words.
Maggie attempts to bespell you! You resist with almost no effort.
You hit Maggie.
Maggie is almost dead.
Maggie hits you with a +2 war axe of flaming.
Maggie burns you.
You barely miss Maggie.
Maggie is almost dead.
You block Maggie's attack.
You closely miss Maggie.
Maggie is almost dead.
Maggie casts a spell at you. The bolt of fire hits you!
* * * LOW HITPOINT WARNING * * *
You feel better. Maggie hits you but does no damage.
You closely miss Maggie.
Maggie is almost dead.
Maggie hits you with a +2 war axe of flaming!
* * * LOW HITPOINT WARNING * * *
Maggie burns you.
* * * LOW HITPOINT WARNING * * *
Maggie hits you with a +2 war axe of flaming!
* * * LOW HITPOINT WARNING * * *
Maggie burns you.
You die...

#.#...####..#
##.#.#.# #..#
#...##.####..###.
#....#.##.......
#....#.##.....#
###
#......##...>#
..# #..........#
..# ###†..@....#
..# #...@....#
..# #..÷.....#
..# #........#
### #.....?..#
########## #


You could see Maggie.

Vanquished Creatures
  A water moccasin (D:5)
  A phantom (D:6)
  A scorpion (D:4)
  3 hounds (D:6)
  3 jellies
  3 orc priests
  A sleepcap (D:6)
  3 iguanas
  4 orc wizards (D:5)
  4 adders
  A shadow imp (D:6)
  2 ufetubi (D:6)
  A worm (D:2)
  4 dart slugs
  16 orcs
  7 bats
  8 endoplasms
  3 giant cockroaches
  8 hobgoblins
  8 jackals
  2 quokkas
  5 ball pythons
  A frilled lizard (D:3)
  4 goblins
  11 kobolds
  2 rats
  A spectral goblin (D:2)
108 creatures vanquished.

Notes
Turn   | Place    | Note
-------+----------+-------------------------------------------
     0 | D:1      | retardedninja the Naga Fighter began the quest for the Orb.
     0 | D:1      | Reached XP level 1. HP: 21/21 MP: 1/1
   280 | D:1      | Reached XP level 2. HP: 24/28 MP: 2/2
   964 | D:2      | Reached XP level 3. HP: 15/34 MP: 3/3
  1705 | D:2      | Found a faded altar of an unknown god.
  1760 | D:2      | Reached skill level 3 in Axes
  2075 | D:3      | Identified the +1 arbalest "Pekhlydd" {drain, Str+3}
  2165 | D:3      | Reached XP level 4. HP: 39/42 MP: 4/4
  3213 | D:3      | Reached XP level 5. HP: 29/50 MP: 5/5
  3549 | D:4      | Found a broken altar of Ashenzari.
  3598 | D:4      | Reached skill level 4 in Axes
  4031 | D:5      | Entered Level 5 of the Dungeon
  4035 | D:5      | Reached XP level 6. HP: 56/57 MP: 6/6
  4297 | D:5      | Identified the +10 falchion "Refozira" {freeze, +Blink}
  4573 | D:5      | Reached XP level 7. HP: 55/64 MP: 7/7
  4652 | D:5      | Reached skill level 5 in Axes
  5353 | D:5      | Found an ancient bone altar of Kikubaaqudgha.
  5354 | D:5      | Found a sparkling altar of Nemelex Xobeh.
  5354 | D:5      | Found an iron altar of Okawaru.
  5365 | D:5      | Found a stormy altar of Qazlal.
  5641 | D:6      | Noticed a steam dragon
  5664 | D:6      | Noticed Maggie
  5791 | D:6      | Reached XP level 8. HP: 40/73 MP: 8/8
  5947 | D:6      | HP: 2/73 [Maggie/+2 war axe of flaming (15)]
  5947 | D:6      | Slain by Maggie

Illustrated notes

Levels and vault maps discovered:
D:1:      dpeg_chamrin_arrival_tetris, layout_basic
D:2:      minmay_door_path, layout_basic,
          dreamdust_ecumenical_altar_drowned_temple, st_stairs_1
D:3:      layout_basic
D:4:      layout_gridville, kennysheep_mini_moat, chequers_jeans
D:5:      layout_loops_cross, nicolae_overflow_quartered_altars
D:6:      layout_basic, feat_on_display, uniq_maggie

Skill      XL: |  1  2  3  4  5  6  7 |
---------------+----------------------+-----
Shields        | 3 4 |  4.4
Axes           | 3 4 5 |  5.9
Armour         | 3 4 |  4.1
Fighting       | 4 |  4.9

Action                     |  1- 3 |  4- 6 |  7- 9 || total
---------------------------+-------+-------+-------++-------
  Melee: War axe           |   104 |   144 |   113 ||   361
    Use: Scroll            |       |     9 |     3 ||    12
         Potion            |       |     3 |     6 ||     9
 Armour: Scale mail        |    52 |     7 |       ||    59
         Chain mail        |       |    87 |    47 ||   134
  Dodge: Dodged            |    47 |    36 |    37 ||   120
  Block: Buckler           |    17 |    45 |    36 ||    98
         Reflection        |       |     1 |       ||     1

Table legend: (Time is in decaauts)
 A = Elapsed time spent in this place.
 B = Non-inter-level travel time spent in this place.
 C = Inter-level travel time spent in this place.
 D = Time resting spent in this place.
 E = Time spent auto-exploring this place.
 F = Levels seen in this place.
 G = Mean time per level.
                   A        B        C        D        E       F      G
               +--------+--------+--------+--------+--------+-----+--------+
         Total |   7260 |   6958 |    302 |   1935 |   4017 |   6 | 1210.0 |
       Dungeon |   7260 |   6958 |    302 |   1935 |   4017 |   6 | 1210.0 |
               +--------+--------+--------+--------+--------+-----+--------+

Top non-repeatable levels by time:
     D:3: 1759 daAuts
     D:5: 1723 daAuts
     D:2: 1514 daAuts
     D:1: 1093 daAuts
     D:4: 627 daAuts
     D:6: 542 daAuts
